Map: Paladino Terminal LE

Players

Kelazhur - Winner!

  • Race: Terran Terran
  • Spawn Location: 9:00

Nerchio

  • Race: Zerg Zerg
  • Spawn Location: 5:00

Event: WCS Austin 2017

VOD

Have the link to the VOD?

Description

Time

  • Played on: April 29, 2017, 11:15 p.m.
  • Length: 8:38

All games in this series

Show
View Real Time Build Order
Export as new Build Order

Kelazhur Terran - Winner!

Build Orders: Reaper Expand 

Get SALT Encoding   

  12  0:00  SCV  
  13  0:12  SCV  
  14  0:18  Supply Depot  
  14  0:24  SCV  
  15  0:39  SCV  
  15  0:40  Barracks  
  16  0:45  Refinery  
  16  0:52  SCV  
  17  1:04  SCV  
  18  1:16  SCV  
  19  1:28  Reaper, Orbital Command  
  20  1:48  Command Center  
  20  1:56  SCV  
  20  2:00  Marine  
  22  2:04  Supply Depot  
  21  2:09  SCV  
  21  2:15  Factory  
  22  2:22  Barracks Reactor  
  22  2:23  SCV  
  22  2:27  Refinery  
  23  2:36  SCV  
  24  2:48  SCV  
  25  2:59  Marine x2  
  25  3:01  Starport  
  25  3:02  Widow Mine, Orbital Command  
  29  3:11  SCV  
  29  3:12  Bunker  
  30  3:17  Marine x2  
  32  3:23  SCV  
  33  3:28  SCV  
  34  3:36  Factory Tech Lab  
  34  3:38  Marine  
  34  3:39  Marine, SCV  
  37  3:42  SCV  
  37  3:45  Viking  
  40  3:51  SCV  
  40  3:53  Supply Depot  
  40  3:54  SCV  
  40  4:01  Supply Depot  
  40  4:03  SCV  
  40  4:09  Supply Depot  
  41  4:14  SCV  
  41  4:15  SCV  
  43  4:24  Cloaking Field, Banshee  
  43  4:26  SCV  
  43  4:28  SCV  
  43  4:30  Supply Depot  
  48  4:37  Barracks Tech Lab  
  48  4:38  SCV  
  48  4:40  SCV  
  48  4:44  Factory Reactor, Barracks  
  50  4:51  SCV  
  50  4:52  SCV  
  51  4:57  Marine, Stimpack  
  52  5:06  Banshee, SCV x2  
  54  5:07  Command Center  
  57  5:14  Marine  
  57  5:18  SCV  
  59  5:22  Barracks  
  59  5:27  Engineering Bay  
  59  5:28  Factory Reactor, Engineering Bay  
  59  5:29  SCV  
  59  5:31  SCV  
  61  5:38  Marine  
  61  5:41  SCV  
  63  5:43  Supply Depot  
  63  5:46  SCV  
  64  5:50  Marine x2  
  64  5:55  Refinery, SCV  
  64  5:56  Refinery, Marine  
  68  5:58  SCV  
  68  6:03  Starport Reactor  
  69  6:07  Barracks x2  
  69  6:09  Marine x2  
  69  6:10  SCV  
  72  6:15  Siege Tank  
  72  6:16  SCV  
  76  6:22  Orbital Command  
  76  6:23  Marine x3  
  76  6:25  Terran Infantry Weapons Level 1  
  79  6:30  Marine x2  
  79  6:32  SCV x2  
  80  6:40  Medivac x2  
  80  6:43  Supply Depot, Terran Infantry Armor Level 1  
  80  6:44  Marine x2, SCV x2  
  88  6:50  Supply Depot, Marine x2  
  88  6:52  Marauder, Orbital Command  
  92  6:56  SCV  
  92  6:57  Barracks Reactor x2  
  93  7:04  Marine x2, SCV  
  93  7:06  Supply Depot  
  96  7:09  Siege Tank  
  96  7:14  Medivac  
  101  7:16  Marine x2  
  101  7:17  Marauder  
  101  7:18  SCV  
  101  7:21  SCV  
  107  7:26  Marine, SCV  
  109  7:31  Supply Depot  
  109  7:32  Medivac  
  109  7:33  Marine  
  109  7:36  SCV x2  
  114  7:40  Marauder, Marine  
  117  7:44  Refinery  
  117  7:46  Supply Depot  
  117  7:49  Marine  
  117  7:50  Marine  
  117  7:53  Marine x3  
  117  7:54  Marine  
  117  7:58  Marine  
  116  8:03  Marine  
  116  8:04  SCV  
  114  8:08  Marine x2  
  114  8:09  Marine  
  114  8:11  Marine  
  115  8:14  Marine x2  
  115  8:17  Marine  
Show
View Real Time Build Order
Export as new Build Order

Nerchio Zerg 

Build Orders: Pool First 

Get SALT Encoding   

  12  0:00  Drone  
  13  0:13  Overlord  
  13  0:18  Drone  
  14  0:31  Drone x2  
  14  0:34  Drone  
  17  0:46  Spawning Pool  
  16  0:50  Drone  
  16  0:56  Drone  
  18  0:58  Extractor  
  17  1:07  Drone  
  18  1:20  Hatchery  
  17  1:32  Queen  
  17  1:36  Zergling x2  
  17  1:39  Drone  
  21  1:43  Drone  
  22  1:50  Overlord  
  22  2:04  Roach Warren  
  21  2:10  Drone  
  21  2:11  Drone  
  23  2:20  Queen  
  24  2:45  Roach x4  
  24  2:46  Drone  
  33  2:52  Drone  
  33  2:53  Drone  
  35  3:06  Spore Crawler  
  35  3:10  Drone x2  
  37  3:13  Overlord  
  37  3:32  Ravager x3  
  37  3:33  Drone x4  
  44  3:34  Overlord  
  44  3:42  Overlord  
  44  3:49  Drone x2  
  44  3:51  Overlord  
  44  3:53  Drone x2  
  44  3:54  Drone  
  44  3:55  Drone  
  48  3:59  Drone  
  49  4:04  Lair  
  49  4:06  Drone  
  49  4:08  Drone  
  51  4:13  Drone x3  
  54  4:18  Drone  
  54  4:24  Drone x3  
  54  4:25  Drone  
  54  4:30  Evolution Chamber, Extractor  
  56  4:40  Hatchery  
  56  4:43  Hatchery  
  56  4:44  Drone  
  56  4:47  Drone x2  
  56  4:48  Drone  
  56  4:52  Overlord, Extractor  
  58  4:55  Drone  
  58  4:58  Spore Crawler  
  58  5:04  Overseer  
  58  5:05  Drone x2  
  60  5:07  Glial Reconstitution  
  60  5:09  Overlord  
  60  5:10  Extractor  
  60  5:12  Overlord  
  59  5:20  Zerg Ground Armor Level 1  
  59  5:27  Queen  
  61  5:29  Overseer  
  61  5:31  Drone x4  
  61  5:33  Drone  
  61  5:34  Drone  
  67  5:40  Roach x2  
  71  5:47  Roach x3  
  74  5:53  Spore Crawler  
  73  5:58  Roach  
  73  5:59  Roach, Evolution Chamber  
  73  6:03  Queen  
  78  6:12  Overlord  
  78  6:14  Drone x4  
  82  6:18  Overlord  
  82  6:20  Overlord  
  82  6:26  Infestation Pit  
  82  6:27  Overlord  
  82  6:31  Drone x3  
  80  6:34  Drone  
  80  6:35  Drone  
  80  6:37  Drone  
  80  6:38  Drone  
  84  6:41  Drone  
  85  6:52  Roach x3  
  91  6:56  Roach x2  
  95  7:06  Overlord  
  95  7:07  Roach  
  95  7:08  Roach x3  
  103  7:11  Overlord  
  103  7:12  Overlord  
  103  7:16  Roach  
  103  7:18  Overlord  
  105  7:27  Roach x2  
  109  7:30  Roach  
  109  7:31  Roach  
  109  7:32  Ravager x3  
  109  7:35  Roach  
  118  7:39  Roach x2  
  118  7:41  Roach  
  118  7:44  Roach  
  126  7:53  Drone x2  
  126  7:57  Overlord  
  97  8:06  Overlord x2  
  97  8:07  Overlord  
  89  8:13  Overlord  
  89  8:14  Overlord  
  81  8:20  Overlord  
Tags
 
Add a new tag
Caveats
  • Supply blocks, unpowered buildings, or Contaminate may cause inaccurate times.
  • Supply counts are checked every 10 seconds.